 Dungeon Crawl Stone Soup version 0.31-a0-879-g1609e0ac53 (webtiles) character file.

Game seed: 8787362183095363746

28879 Spaninq the Mimic (level 13, -4/130 HPs)
             Began as a Troll Shapeshifter on Oct 14, 2023.
             Was a High Priest of Wu Jian.
             Slain by an orc
             ... wielding a +0 flail
             ... led by an orc warlord
              (7 damage)
             ... on level 2 of the Orcish Mines.
             The game lasted 00:40:12 (10619 turns).

Spaninq the Mimic (Troll Shapeshifter)             Turns: 10619, Time: 00:40:13

Health: -4/130     AC: 13    Str: 27    XL:     13   Next: 12%
Magic:  12/12      EV:  9    Int: 13    God:    Wu Jian [*****.]
Gold:   2084       SH:  0    Dex: 11    Spells: 12/12 levels left

rFire   + .          .
                       - Unarmed
rCold   + . .        (shield currently unavailable)
rNeg    . . .        D - +7 toga "Victory" {*Victory Int+7 Slay+7 Clar}
rPois   .            p - +2 hat of Defence {rF+}
rElec   .            e - +1 cloak
rCorr   .            (gloves unavailable)
SInv    +            (boots unavailable)
Will    .....        (no amulet)
Stlth   +            k - ring of protection from cold
HPRegen 1.21/turn    E - ring of see invisible
MPRegen 0.13/turn

%: clarity
@: blade hands, studying Invocations
A: large, unfitting armour, (claws 3), regeneration 1, shaggy fur 1, tough skin
1
a: Begin Untransformation, Renounce Religion, Wall Jump, Serpent's Lash,
Heavenly Storm


You were on level 2 of the Orcish Mines.
You worshipped Wu Jian.
Wu Jian was extremely pleased with you.
You had blades for hands.
You visited 2 branches of the dungeon, and saw 15 of its levels.
You also visited: Sewer.

You collected 2084 gold pieces.

Inventory:

Hand Weapons
 j - the +9 demon whip of the Shoals {freeze, rPois Int+3}
   (You acquired it on level 8 of the Dungeon)

   Int+3:     It affects your intelligence (+3).
   rPois:     It protects you from poison
Missiles
 i - a throwing net
Armour
 e - a +1 cloak (worn)
 p - the +2 hat of Defence (worn) {rF+}
   (You acquired it on level 9 of the Dungeon)

   rF+:       It protects you from fire.
 D - the +7 toga "Victory" (worn) {*Victory Int+7 Slay+7 Clar}
   (You found it on level 7 of the Dungeon)

   *Victory:  When the wearer kills a threatening monster, it has a chance to
   gain +1 AC, +1 Slay, and +1 Int, capping at +7.
   When the wearer uses a scroll or a potion with a hostile monster in sight,
   its bonuses reset to +0.
   Unequipping it also resets its bonuses to +0.
   Int+7:     It affects your intelligence (+7).
   Slay+7:    It affects your accuracy & damage with ranged weapons and melee
   (+7).
   Clar:      It protects you from confusion, rage, mesmerisation and fear.
Jewellery
 k - a ring of protection from cold (left blade hand)
 E - a ring of see invisible (right blade hand)
Talismans
 c - a beast talisman
 d - a flux talisman
 v - a blade talisman (active)
 y - a maw talisman
Wands
 m - a wand of paralysis (10)
 u - a wand of flame (42)
 z - a wand of roots (7)
 L - a wand of digging (5)
Scrolls
 g - 3 scrolls of teleportation
 h - 2 scrolls of enchant armour
 l - a scroll of enchant weapon
 q - a scroll of revelation
 r - a scroll of blinking {unknown}
 C - 2 scrolls of poison {unknown}
 F - a scroll of fog
 H - a scroll of silence {unknown}
 I - a scroll of fear
 K - 2 scrolls of identify
Potions
 a - a potion of mutation
 b - 4 potions of lignification
 f - a potion of brilliance
 n - 4 potions of haste
 o - 2 potions of enlightenment
 s - a potion of might
 t - 2 potions of attraction
 w - a potion of magic
 x - 2 potions of curing
 A - 3 potions of resistance
 B - 2 potions of cancellation
 J - 2 potions of heal wounds
Miscellaneous
 G - a lightning rod (4/4)


   Skills:
 + Level 8.9 Fighting
 * Level 10.7 Maces & Flails
 - Level 1.5 Dodging
 - Level 7.4 Unarmed Combat
 * Level 13.9 Shapeshifting


You had 12 spell levels left.
You didn't know any spells.
Your spell library contained the following spells:

 Spells                   Type           Power      Damage    Failure   Level
 Freeze                   Ice            0%         1d3       30%         1
 Magic Dart               Conj           0%         1d3       30%         1
 Searing Ray              Conj           0%         2d4       43%         2
 Frozen Ramparts          Ice            0%         1d1       67%         3
 Hailstorm                Conj/Ice       0%         3d3       67%         3
 Tukima's Dance           Hex            0%         N/A       67%         3
 Fulminant Prism          Conj/Hex       0%         3d5       97%         4
 Passage of Golubria      Tloc           0%         N/A       97%         4
 Yara's Violent Unravell  Hex/Tmut       0%         3d3       100%        5


Dungeon Overview and Level Annotations

Branches:
Dungeon (13/15)            Temple (0/1) D:5            Lair (0/5) D:9
    Orc (2/2) D:11          Sewer (visited)
    Elf: Orc:2       Vaults: D:13-14

Altars:
Ashenzari
Okawaru
Qazlal
Wu Jian

Shops:
D:1 [:   D:2 [   D:4 ([:=   D:7 [   Orc:2 [

Annotations:
D:5 2 transporters, xbox's ghost, amateur DsFE


Innate Abilities, Weirdness & Mutations

You have blades for hands.
You are incapable of wielding weapons or throwing items.
You are too large for most types of armour.
((You have claws for hands.))
Your natural rate of healing is unusually fast.
You are covered in fur. (AC +1)
You have tough skin. (AC +1)


Message History

The orc warlord roars a battlecry!
The orc wizard goes into a battle-frenzy!
You shred the orc warlord!!!
The orc warlord is severely wounded.
The orc hits you but does no damage.
An orc warrior comes into view. It is wielding a +0 halberd.
The orc warrior completely misses you.
The orc warlord hits you with a +0 dire flail.
You slash the orc warlord!
You slash the orc warlord, but do no damage.
The orc warlord is severely wounded.
The orc priest looks satisfied for a moment.
The orc hits you from afar with a +0 trident!
The orc warrior hits you from afar with a +0 glaive.
* * * LOW HITPOINT WARNING * * *
The orc warlord roars a battlecry!
You shred the orc warlord!!!
You kill the orc warlord!
The Council accepts your kill.
The orc no longer looks unusually strong.
The orc closely misses you.
The orc warrior hits you from afar with a +0 glaive!!
* * * LOW HITPOINT WARNING * * *
You slice the orc!!
You kill the orc!
The Council accepts your kill.
The heavenly storm settles.
The orc priest casts a cantrip, but nothing happens.
The orc closely misses you.
An orc priest comes into view. It is wielding a +1 dagger of speed.
The orc warrior completely misses you. The orc attacks as it pursues you!
The orc hits you from afar with a +0 trident.
* * * LOW HITPOINT WARNING * * *
The orc warrior hits you with a +0 halberd.
* * * LOW HITPOINT WARNING * * *
The orc priest looks satisfied for a moment.
The orc warrior hits you from afar with a +0 glaive.
* * * LOW HITPOINT WARNING * * *
The orc hits you with a +0 flail!
You die...

#.oo# #.# #... '...+ #.#
#######.# #.^o#
#.###........ ##...##
#..##..#####. #8.oo8#
##...#.##...##
.###.oooo###...##.#)....#
...##oo'##........')._..#
#..o§ooo))#.#....#)....#
###.8o8@#°...#...##...##
##☼○☼#..........#####.
##○.☼..#.............
##°☼○.###...####.##.
#...## ##.## ####. #...#
### ## ....## # #......
#......#


You could see 3 orc warriors, 3 orc priests, an orc wizard (strong) and 6 orcs.

Vanquished Creatures
  An orc warlord (Orc:2)
  Harold (D:11)
  5 two-headed ogres
  A centaur warrior (D:13)
  3 death yaks (D:9)
  3 boulder beetles
  Urug (D:11)
  An orc high priest (Orc:2)
  3 deep elf pyromancers
  An orc knight (Orc:1)
  2 ugly things (D:13)
  A manticore (D:10)
  2 cyclopes
  2 komodo dragons (D:11)
  A queen bee (D:10)
  4 trolls
  A culicivora (shapeshifter) (D:13)
  2 vampires
  5 shadows
  2 wraiths
  Eustachio (D:5)
  4 water elementals (D:12)
  22 yaks
  4 vampire mosquitoes
  Menkaure (D:5)
  A warg (Orc:2)
  2 acid dragons
  Duvessa (D:5)
  24 orc warriors
  A black bear (D:4)
  13 ogres
  6 centaurs
  A phantom (D:5)
  3 kobold brigands
  5 gnoll sergeants (D:11)
  4 bullfrogs
  2 scorpions
  Dowan (D:5)
  12 wights
  15 killer bees (D:10)
  4 howler monkeys
  12 orc priests
  A gnoll bouda (D:7)
  A jelly (D:5)
  A sleepcap (D:7)
  4 iguanas
  16 orc wizards
  7 gnolls
  5 river rats
  12 adders
  2 shadow imps
  4 white imps
  2 ufetubi (D:6)
  A worm (D:5)
  2 dart slugs
  92 orcs
  11 ball pythons
  13 bats
  11 endoplasms
  6 giant cockroaches
  11 goblins
  7 hobgoblins
  11 jackals
  6 quokkas
  4 frilled lizards
  7 kobolds
  8 rats
426 creatures vanquished.

Notes
Turn   | Place    | Note
-------+----------+-------------------------------------------
     0 | D:1      | Spaninq the Troll Shapeshifter began the quest for the Orb.
     0 | D:1      | Reached XP level 1. HP: 18/18 MP: 0/0
    38 | D:1      | Found Horaczy's Antique Armour Shop.
    64 | D:1      | Reached skill level 1 in Fighting
    65 | D:1      | Reached XP level 2. HP: 27/27 MP: 1/1
   405 | D:1      | Found Nuntuj's Vocational Training.
   436 | D:1      | Reached XP level 3. HP: 33/33 MP: 2/2
   619 | D:2      | Found Peodghemm's Armour Boutique.
   814 | D:2      | Reached XP level 4. HP: 41/41 MP: 3/3
  1271 | D:3      | Reached skill level 4 in Shapeshifting
  1407 | D:3      | Reached XP level 5. HP: 23/49 MP: 4/4
  1590 | D:4      | Found Gikus's Jewellery Emporium.
  1711 | D:4      | Found Xicohin's Antique Weapon Shoppe.
  1799 | D:4      | Found Irogeson's Antique Armour Emporium.
  1894 | D:4      | Found a glowing drain.
  1898 | Sewer    | Entered a sewer
  1945 | Sewer    | Reached XP level 6. HP: 59/59 MP: 5/5
  2084 | Sewer    | Reached skill level 5 in Shapeshifting
  2602 | D:4      | You fall into a shaft and drop 2 floors!
  2635 | D:6      | Found an ornate altar of the Wu Jian Council.
  2650 | D:6      | Became a worshipper of the Wu Jian Council
  2737 | D:6      | Found a broken altar of Ashenzari.
  2787 | D:6      | Reached XP level 7. HP: 60/66 MP: 6/6
  2788 | D:5      | Entered Level 5 of the Dungeon
  2796 | D:5      | Noticed xbox's ghost (amateur DsFE)
  2806 | D:5      | Found a transporter.
  2837 | D:5      | Noticed Menkaure
  2842 | D:5      | Killed Menkaure
  2843 | D:5      | Reached skill level 5 in Unarmed Combat
  2843 | D:5      | Reached skill level 6 in Shapeshifting
  3041 | D:4      | Identified the +0 pair of gloves "Vuahaiho" {Will+}
  3390 | D:4      | Found Voum's Book Emporium.
  3940 | D:5      | Noticed Eustachio
  3945 | D:5      | Killed Eustachio
  3946 | D:5      | Reached XP level 8. HP: 73/78 MP: 7/7
  3982 | D:5      | Found a transporter.
  4083 | D:5      | Noticed Dowan
  4083 | D:5      | Noticed Duvessa
  4096 | D:5      | Killed Duvessa
  4097 | D:5      | Reached skill level 7 in Shapeshifting
  4105 | D:5      | Killed Dowan
  4221 | D:5      | Found a staircase to the Ecumenical Temple.
  4425 | D:6      | Identified the +9 dire flail of Culekod {elec, rElec Str+4
                  | Stlth+}
  4440 | D:6      | Reached * piety under Wu Jian
  4942 | D:7      | Found Olikoq's Armour Shoppe.
  4968 | D:7      | Reached skill level 8 in Shapeshifting
  5059 | D:7      | Reached XP level 9. HP: 82/87 MP: 8/8
  5238 | D:7      | Found an iron altar of Okawaru.
  5245 | D:7      | Found a runed translucent door.
  5250 | D:7      | Reached skill level 5 in Fighting
  5253 | D:7      | Found the +0 toga "Victory" {*Victory Clar}
  5400 | D:7      | Reached ** piety under Wu Jian
  5521 | D:7      | Reached skill level 9 in Shapeshifting
  5725 | D:8      | Identified 3 scrolls of acquirement
  5725 | D:8      | Acquired the +9 demon whip of the Shoals {freeze, rPois
                  | Int+3}
  5963 | D:8      | Reached skill level 1 in Maces & Flails
  6173 | D:9      | Acquired the +2 hat of Defence {rF+}
  6180 | D:9      | Acquired 791 gold pieces
  6219 | D:9      | Reached XP level 10. HP: 74/95 MP: 9/9
  6282 | D:9      | Noticed a death yak
  6296 | D:9      | Killed a death yak
  6297 | D:9      | Reached skill level 10 in Shapeshifting
  6344 | D:9      | Identified the +9 dagger "Dachuhat" {freeze, rElec rC+}
  6346 | D:9      | Noticed a death yak
  6346 | D:9      | Noticed a death yak
  6366 | D:9      | Killed a death yak
  6380 | D:9      | Killed a death yak
  6385 | D:9      | Reached skill level 5 in Maces & Flails
  6484 | D:9      | Found a staircase to the Lair.
  6644 | D:9      | Noticed a two-headed ogre
  6648 | D:9      | Killed a two-headed ogre
  6649 | D:9      | Reached skill level 11 in Shapeshifting
  6649 | D:9      | Reached XP level 11. HP: 107/107 MP: 10/10
  6771 | D:9      | Reached *** piety under Wu Jian
  6918 | D:10     | Entered Level 10 of the Dungeon
  7131 | D:10     | Found a stormy altar of Qazlal.
  7335 | D:10     | Noticed a two-headed ogre
  7340 | D:10     | Killed a two-headed ogre
  7690 | D:11     | Noticed Urug
  7696 | D:11     | Killed Urug
  7700 | D:11     | Identified the +1 mace "Impbane" {heavy, *Corrode rElec
                  | Int+3}
  7805 | D:11     | Reached **** piety under Wu Jian
  7901 | D:11     | Noticed Harold
  7935 | D:11     | Killed Harold
  7936 | D:11     | Reached skill level 12 in Shapeshifting
  8196 | D:11     | Identified the +4 scale mail "Veragen" {Int+8}
  8265 | D:11     | Found a staircase to the Orcish Mines.
  8290 | D:11     | Reached XP level 12. HP: 71/119 MP: 11/11
  8729 | D:12     | Reached ***** piety under Wu Jian
  8742 | D:12     | Noticed a two-headed ogre
  8748 | D:12     | Killed a two-headed ogre
  8867 | D:12     | Reached skill level 13 in Shapeshifting
  8900 | D:12     | Noticed a boulder beetle
  8910 | D:12     | Killed a boulder beetle
  9029 | D:12     | Noticed a two-headed ogre
  9035 | D:12     | Killed a two-headed ogre
  9274 | D:13     | Noticed a boulder beetle
  9280 | D:13     | Killed a boulder beetle
  9289 | D:13     | Noticed a centaur warrior
  9300 | D:13     | Killed a centaur warrior
  9428 | D:13     | Noticed a boulder beetle
  9434 | D:13     | Killed a boulder beetle
  9510 | D:13     | Reached skill level 10 in Maces & Flails
  9673 | D:13     | Noticed a seven-headed hydra
  9758 | Orc:1    | Entered Level 1 of the Orcish Mines
 10027 | Orc:1    | Noticed a two-headed ogre
 10037 | Orc:1    | Killed a two-headed ogre
 10213 | Orc:2    | Entered Level 2 of the Orcish Mines
 10323 | Orc:2    | Reached XP level 13. HP: 114/130 MP: 12/12
 10431 | Orc:2    | Found Cinwaen's Armour Shoppe.
 10595 | Orc:2    | Noticed an orc warlord
 10617 | Orc:2    | Killed an orc warlord
 10619 | Orc:2    | HP: 3/130 [orc warrior/+0 glaive[an orc warlord] (6)]
 10619 | Orc:2    | Slain by an orc

Illustrated notes

Levels and vault maps discovered:
D:1:      dpeg_arrival_rooms_b, layout_basic, serial_shops,
          nicolae_shop_gibbet_a_chance, st_stairs_2, nicolae_shop_vocational
D:2:      layout_rooms, serial_shops, nicolae_shop_hallway_stairs,
          nicolae_figureground_sparkle
D:3:      layout_basic
D:4:      layout_layer_cave, serial_shops, nicolae_shop_statue_plus, shop,
          nicolae_shop_real_fake_doors, nicolae_stop_n_shop_2,
          gup_sewer_entry_spiral, chequers_big_river, minivault_23,
          hangedman_decor_slide_cut, solitary_fountain, uniq_crazy_yiuf_cottage
D:5:      layout_rooms, lemuel_temple_firewalk_a, gammafunk_ghost_stat_death,
          nicolae_titane, uniq_eustachio, uniq_duvessa, uniq_menkaure
D:6:      layout_cave_pods, mainiacjoe_overflow_small_starburst, kennysheep_mini
D:7:      layout_cave_pools, nicolae_overflow_guarded_unrand_okawaru_victory,
          nicolae_stop_n_shop_1, minmay_manual_mares
D:8:      layout_rooms, hangedman_decor_diamond_cutter
D:9:      layout_loops_ring, dpeg_lair_monsters
D:10:     nicolae_cairo_tiling_large_dashed, layout_long_grid,
          lemuel_doored_altar, nicolae_looking_at_the_future
D:11:     layout_roguey [special_room_orc],
          kennysheep_orc_monster_closet_entryway, uniq_urug, uniq_harold
D:12:     layout_cave_pools, nicolae_underground_beach
D:13:     layout_grid_maze, kennysheep_generic_room_7
Orc:1:    layout_diamond_mine, basic_altar
Orc:2:    grunt_orc_community_town_hall, layout_caves,
          grunt_orc_community_big_house_2, grunt_orc_community_big_house_1,
          grunt_orc_community_house_2, grunt_orc_community_house_3,
          grunt_orc_community_house_1, grunt_orc_community_house_3,
          grunt_orc_community_house_3, grunt_orc_community_house_2,
          uniq_saint_roka

Skill      XL: |  1  2  3  4  5  6  7  8  9 10 11 12 |
---------------+-------------------------------------+-----
Fighting       | 1 2 3 4 5 6 7 8 |  8.9
Shapeshifting  | 4 5 6 8 9 11 12 13 | 13.9
Unarmed Combat | 4 5 6 7 |  7.4
Maces & Flails | 2 6 8 10 | 10.7
Dodging        | |  1.5

Action                     |  1- 3 |  4- 6 |  7- 9 | 10-12 | 13-15 || total
---------------------------+-------+-------+-------+-------+-------++-------
  Melee: Unarmed           |    70 |   203 |   238 |   508 |    57 ||  1076
         Punch             |       |       |     4 |    20 |     3 ||    27
 Invoke: Heavenly Storm    |       |       |       |       |     1 ||     1
Ability: Lunge             |       |       |    15 |    57 |     2 ||    74
         Whirlwind         |       |       |     5 |    24 |     3 ||    32
         Wall Jump         |       |       |       |     2 |       ||     2
    Use: Potion            |       |     2 |       |       |       ||     2
         Scroll            |       |       |    17 |     5 |       ||    22
   Stab: Sleeping          |       |     1 |       |     1 |     1 ||     3
         Distracted        |       |       |       |     1 |       ||     1
 Armour: Animal skin       |    33 |   165 |   159 |       |       ||   357
         Robe              |       |       |    40 |   348 |    49 ||   437
  Dodge: Dodged            |    31 |    96 |   101 |   164 |    17 ||   409
         Form:             |     1 |       |       |       |       ||     1
         Beast             |     1 |       |       |       |       ||     1
         Flux              |       |       |     1 |       |       ||     1
         Blade             |       |       |       |     2 |       ||     2
         Maw               |       |       |       |     1 |       ||     1

Table legend: (Time is in decaauts)
 A = Elapsed time spent in this place.
 B = Non-inter-level travel time spent in this place.
 C = Inter-level travel time spent in this place.
 D = Time resting spent in this place.
 E = Time spent auto-exploring this place.
 F = Levels seen in this place.
 G = Mean time per level.
                   A        B        C        D        E       F      G
               +--------+--------+--------+--------+--------+-----+--------+
         Total |  10515 |  10133 |    382 |    116 |   7346 |  16 |  657.2 |
       Dungeon |   9040 |   8691 |    349 |    116 |   6402 |  13 |  695.4 |
  Orcish Mines |    847 |    815 |     32 |      0 |    607 |   2 |  423.5 |
         Sewer |    627 |    627 |      0 |      0 |    337 |   1 |  627.0 |
               +--------+--------+--------+--------+--------+-----+--------+

Top non-repeatable levels by time:
     D:4: 1358 daAuts
    D:11: 928 daAuts
     D:9: 789 daAuts
    D:10: 764 daAuts
     D:6: 722 daAuts
     D:7: 634 daAuts
   Sewer: 627 daAuts
     D:5: 624 daAuts
    D:12: 593 daAuts
     D:1: 592 daAuts
     D:2: 562 daAuts
     D:8: 523 daAuts
   Orc:1: 522 daAuts
    D:13: 519 daAuts
     D:3: 426 daAuts
